 Dungeon Crawl Stone Soup version 0.30-b1-2-g02819fbbbe (webtiles) character file.

Game seed: 9959280883539035318

587396 Armakuni the Executioner (level 27, 0/205 HPs)
             Began as a Human Artificer on May 6, 2023.
             Was an Initiate of Gozag.
             Killed from afar by an orb of fire (108 damage)
             ... with a bolt of fire
             ... on level 5 of the Realm of Zot on May 7, 2023.
             The game lasted 04:37:14 (67587 turns).

Armakuni the Executioner (Human Artificer)         Turns: 67587, Time: 04:37:15

Health: 0/205      AC: 31    Str: 25    XL:     27
Magic:  1/30       EV: 19    Int: 22    God:    Gozag
Gold:   5431       SH: 20    Dex: 21    Spells: 25/36 levels left

rFire   . . .        a - +8 mithril axe "Arga" {speed, Will+}
rCold   . . .        L - +5 Storm Queen's Shield {shock, Fly rElec}
rNeg    + + .        y - +9 scale mail of Lies {rPois rN++ Will- Regen+}
rPois   +            e - +0 mask of the Dragon {Will+ Slay+3 SInv}
rElec   +            q - +2 cloak of the Thief {*Fog Slay-2 SInv Stlth+}
rCorr   +            A - +3 Mad Mage's Maulers {Infuse+∞ VampMP -Cast}
SInv    +            P - +2 pair of boots {rampage}
Will    +++++        R - amulet "Siesuozo" {Regen+ Dex+2}
Stlth   ++           V - ring of Milem {rCorr Str+4 Int+4 SInv}
HPRegen 2.14/turn    W - ring "Vuoleiqu" {Contam rPois Will++ Dex+6 Stlth+}
MPRegen 0.22/turn

%: no spellcasting, rampage, infuse magic (1 MP)
@: flying, hasted, studying Ranged Weapons, unable to drink, very quick
A: horns 1, frail 1, electricity resistance, no potion heal 1, inability to
drink after injury 1, MP-powered wands
0: Orb of Zot
}: 3/15 runes: decaying, silver, gossamer
a: Renounce Religion, Potion Petition, Call Merchant, Bribe Branch


You were on level 5 of the Realm of Zot.
You worshipped Gozag.
Gozag was greatly pleased with you.
You visited 11 branches of the dungeon, and saw 51 of its levels.
You visited 1 bazaar.
You also visited: Bailey, Gauntlet and Wizlab.

You collected 28423 gold pieces.
You spent 11230 gold pieces at shops.
You paid 11762 gold pieces to Gozag.

Inventory:

Hand Weapons
 a - the +8 mithril axe "Arga" (weapon) {speed, Will+}
   (You found it on level 3 of the Elven Halls)

   Will:      It increases your willpower.
Missiles
 T - 3 throwing nets
Armour
 e - the +0 mask of the Dragon (worn) {Will+ Slay+3 SInv}
   (You bought it in a shop on level 1 of the Lair of Beasts)

   Slay:      It affects your accuracy & damage with ranged weapons and melee
   (+3).
   SInv:      It lets you see invisible.
   Will:      It increases your willpower.
 l - a +2 kite shield of poison resistance
 q - the +2 cloak of the Thief (worn) {*Fog Slay-2 SInv Stlth+}
   (You bought it in a shop in a bazaar)

   *Fog:      It may release a thick cloud of smoke when the wearer is hurt.
   Slay:      It affects your accuracy & damage with ranged weapons and melee
   (-2).
   SInv:      It lets you see invisible.
   Stlth:     It makes you more stealthy.
 y - the +9 scale mail of Lies (worn) {rPois rN++ Will- Regen+}
   (You found it on level 3 of the Elven Halls)

   rPois:     It protects you from poison.
   rN:        It greatly protects you from negative energy.
   Regen:     It increases your rate of health regeneration.
   Will:      It decreases your willpower.
 A - the +3 Mad Mage's Maulers (worn) {Infuse+∞ VampMP -Cast}
   (You bought it in a shop in a bazaar)

   Infuse+∞: It empowers its wearer's blows with all of their magic.
   VampMP:    Blows struck in melee replenish the wearer's magic.
   -Cast:     It prevents spellcasting.
 L - the +5 Storm Queen's Shield (worn) {shock, Fly rElec}
   (You found it in a wizard's laboratory)

   Shock:     When it blocks an attack, it may electrocute the attacker.
   This works even against foes who are a short distance away.
   rElec:     It insulates you from electricity.
   Fly:       It grants you flight.
 P - a +2 pair of boots of rampaging (worn)
Jewellery
 R - the amulet "Siesuozo" (around neck) {Regen+ Dex+2}
   (You took it off a vault warden on level 5 of the Vaults)

   [amulet of regeneration]

   Dex:       It affects your dexterity (+2).
   Regen:     It increases your rate of health regeneration.
 V - the ring of Milem (left hand) {rCorr Str+4 Int+4 SInv}
   (You bought it in a shop on level 1 of the Lair of Beasts)

   [ring of see invisible]

   Str:       It affects your strength (+4).
   Int:       It affects your intelligence (+4).
   SInv:      It lets you see invisible.
   rCorr:     It protects you from acid and corrosion.
 W - the ring "Vuoleiqu" (right hand) {Contam rPois Will++ Dex+6 Stlth+}
   (You bought it in a shop on level 1 of the Lair of Beasts)

   [ring of dexterity]

   Dex:       It affects your dexterity (+6).
   rPois:     It protects you from poison.
   Contam:    It causes magical contamination when unequipped.
   Will:      It greatly increases your willpower.
   Stlth:     It makes you more stealthy.
Wands
 k - a wand of digging (25)
 m - a wand of mindburst (31)
 r - a wand of roots (64)
 v - a wand of flame (147) (quivered)
 x - a wand of acid (26)
 E - a wand of polymorph (48)
 H - a wand of charming (17)
Scrolls
 c - 8 scrolls of fear
 f - 19 scrolls of teleportation
 i - 11 scrolls of fog
 j - 5 scrolls of blinking
 o - 9 scrolls of amnesia
 p - 2 scrolls of immolation
 s - 4 scrolls of silence
 w - 36 scrolls of identify
 C - 4 scrolls of poison
 I - 2 scrolls of butterflies
 Q - 13 scrolls of vulnerability
 S - 7 scrolls of noise
 X - 11 scrolls of enchant armour
 Z - 3 scrolls of magic mapping
Potions
 b - a potion of berserk rage
 d - 9 potions of lignification
 g - 13 potions of mutation
 h - 4 potions of cancellation
 n - 11 potions of heal wounds
 u - 9 potions of flight
 z - 9 potions of ambrosia
 D - 2 potions of magic
 G - 4 potions of resistance
 M - 7 potions of haste
 U - 31 potions of curing
Miscellaneous
 t - a tin of tremorstones (2/2)
 B - a phial of floods
 F - a lightning rod (4/4)
 J - a box of beasts
 Y - a phantom mirror


   Skills:
 + Level 21.0 Fighting
 - Level 5.0 Short Blades
 - Level 26.2(27) Axes
 - Level 13.5(22.8) Maces & Flails
 - Level 13.9(16.1) Staves
 - Level 15.0 Armour
 - Level 13.0 Dodging
 - Level 4.0 Stealth
 - Level 15.0 Shields
 - Level 5.2 Spellcasting
 - Level 5.5 Conjurations
 - Level 10.0 Translocations
 - Level 2.2 Transmutations
 - Level 12.6 Evocations


You had 25 spell levels left.
You knew the following spells:

 Your Spells              Type           Power      Damage    Failure   Level
b - Blink                 Tloc           98%        N/A       1%          2
l - Lesser Beckoning      Tloc           98%        N/A       1%          2
m - Iskenderun's Mystic   Conj/Tloc      39%        2d9       11%         4
w - Wereblood             Tmut           15%        N/A       16%         2
z - Apportation           Tloc           98%        N/A       1%          1

Your spell library contained the following spells:

 Spells                   Type           Power      Damage    Failure   Level
 Gell's Gravitas          Tloc           49%        N/A       1%          3
 Teleport Other           Tloc           49%        N/A       1%          3
 Magic Dart               Conj           100%       1d8       2%          1
 Manifold Assault         Tloc           49%        N/A       4%          4
 Passage of Golubria      Tloc           49%        N/A       4%          4
 Foxfire                  Conj/Fire      68%        2x1d7     9%          1
 Kiss of Death            Conj/Necr      68%        2d10      9%          1
 Volatile Blastmotes      Fire/Tloc      54%        2d14      11%         3
 Necrotise                Necr           20%        1d5       26%         1
 Sandblast                Erth           10%        2d5       26%         1
 Slow                     Hex            20%        N/A       26%         1
 Summon Small Mammal      Summ           20%        N/A       26%         1
 Passwall                 Tmut/Erth      8%         N/A       26%         2
 Dazzling Flash           Conj/Hex       34%        N/A       26%         3
 Stone Arrow              Conj/Erth      34%        3d9       26%         3
 Mephitic Cloud           Conj/Pois/Air  13%        N/A       36%         3
 Cigotuvi's Dreadful Rot  Necr/Pois/Air  10%        N/A       38%         2
 Ensorcelled Hibernation  Hex/Ice        10%        N/A       38%         2
 Poisonous Vapours        Pois/Air       10%        N/A       38%         2
 Scorch                   Fire           10%        2d5       38%         2
 Sublimation of Blood     Necr           5%         N/A       38%         2
 Spider Form              Tmut/Pois      10%        N/A       45%         3
 Ignite Poison            Fire/Tmut/Pois 9%         N/A       52%         3
 Dispersal                Tloc           24%        N/A       56%         6
 Iskenderun's Battlesphe  Conj           30%        2d8       58%         5
 Inner Flame              Hex/Fire       5%         N/A       63%         3
 Summon Guardian Golem    Hex/Summ       5%         N/A       63%         3
 Swiftness                Air            5%         N/A       63%         3
 Tukima's Dance           Hex            5%         N/A       63%         3
 Flame Wave               Conj/Fire      17%        2d7       63%         4
 Ice Form                 Ice/Tmut       10%        N/A       86%         4
 Petrify                  Tmut/Erth      10%        N/A       86%         4
 Arcjolt                  Conj/Air       8%         1d18      93%         5
 Anguish                  Hex/Necr       2%         N/A       95%         4
 Dispel Undead            Necr           5%         3d7       95%         4
 Olgreb's Toxic Radiance  Pois           5%         N/A       95%         4
 Summon Ice Beast         Ice/Summ       5%         N/A       95%         4
 Summon Lightning Spire   Summ/Air       5%         N/A       95%         4
 Freezing Cloud           Conj/Ice/Air   6%         6-21      98%         5
 Alistair's Intoxication  Tmut/Pois      6%         N/A       99%         5
 Yara's Violent Unravell  Hex/Tmut       5%         3d4       99%         5
 Agony                    Necr           5%         N/A       100%        5
 Borgnjor's Vile Clutch   Necr/Erth      2%         N/A       100%        5
 Metabolic Englaciation   Hex/Ice        2%         N/A       100%        5
 Silence                  Hex/Air        2%         N/A       100%        5
 Summon Mana Viper        Hex/Summ       5%         N/A       100%        5
 Conjure Ball Lightning   Conj/Air       8%         3x3d6     100%        6
 Iron Shot                Conj/Erth      8%         9d3       100%        6
 Plasma Beam              Fire/Air       2%         2x1d14    100%        6
 Starburst                Conj/Fire      8%         6d4       100%        6
 Statue Form              Tmut/Erth      6%         N/A       100%        6
 Summon Cactus Giant      Summ           2%         N/A       100%        6
 Enfeeble                 Hex            2%         N/A       100%        7
 Haunt                    Necr/Summ      2%         N/A       100%        7
 Malign Gateway           Summ/Tloc      13%        N/A       100%        7
 Monstrous Menagerie      Summ           2%         N/A       100%        7
 Orb of Destruction       Conj           15%        9d7       100%        7
 Spellforged Servitor     Conj/Summ      8%         N/A       100%        7
 Storm Form               Tmut/Air       5%         N/A       100%        7
 Summon Hydra             Summ           2%         N/A       100%        7
 Discord                  Hex            2%         N/A       100%        8
 Disjunction              Tloc           24%        N/A       100%        8
 Ignition                 Fire           2%         3d3       100%        8
 Lehudib's Crystal Spear  Conj/Erth      8%         10d4      100%        8
 Necromutation            Tmut/Necr      5%         N/A       100%        8
 Summon Horrible Things   Summ           2%         N/A       100%        8
 Animate Dead             Necr           Unusable   N/A       N/A         4

Dungeon Overview and Level Annotations

Branches:
Dungeon (15/15)            Temple (1/1) D:7            Lair (5/5) D:10
  Swamp (4/4) Lair:3       Spider (4/4) Lair:3        Slime (0/5) Lair:5
    Orc (2/2) D:10            Elf (3/3) Orc:2        Vaults (5/5) D:14
  Crypt (3/3) Vaults:3       Tomb (0/3) Crypt:3      Depths (4/4) D:15
    Zot (5/5) Depths:4     Bailey (visited)          WizLab (visited)
Gauntlet (visited)

Altars:
Ashenzari
Cheibriados
Dithmenos
Elyvilon
Fedhas
Gozag
Hepliaklqana
Kikubaaqudgha
Makhleb
Nemelex Xobeh
Okawaru
Qazlal
Ru
Sif Muna
Trog
Uskayaw
Vehumet
Wu Jian
Xom
Yredelemnul
Zin
The Shining One
Jiyva
Lugonu

Shops:
D:5 [   D:8 *   D:15 [   Orc:1 [(   Orc:2 =((*[   Elf:1 =:=   Lair:1 ?=[
Vaults:1 ((!   Vaults:3 (:[   Depths:4 ?[**

Portals:
Hell: Depths:1 Depths:2 Depths:3 Depths:4
Abyss: Depths:3
Pandemonium: Depths:2
Ziggurat: Depths:2

Annotations:
Elf:2 3 runed translucent doors, exclusion: 3 doors
Depths:1 1 runed translucent door


Innate Abilities, Weirdness & Mutations

You have a pair of small horns on your head.
You are frail. (-10% HP)
You are resistant to electric shocks. (rElec)
Potions are less effective at restoring your health.
You occasionally lose the ability to drink potions when taking damage.
You expend magic power (3 MP) to strengthen your wands.


Message History

You headbutt the white draconian, but do no damage.
The white draconian is almost dead.
The white draconian breathes frost at you.
The blast of cold misses you.
You slice the white draconian!!
You kill the white draconian!
Magic courses through your body.
You miss the orb of fire. You headbutt the orb of fire!
The orb of fire is lightly damaged.
You cut the orb of fire into ribbons!!!
You headbutt the orb of fire, but do no damage.
The orb of fire is moderately damaged.
An Orb Guardian comes into view.
You slice the orb of fire!! Your headbutt misses the orb of fire.
The orb of fire is heavily damaged.
You slash the orb of fire!
The orb of fire is heavily damaged.
You barely miss the orb of fire.
You headbutt the orb of fire, but do no damage.
The orb of fire is heavily damaged.
You closely miss the orb of fire. Your headbutt misses the orb of fire.
The orb of fire is heavily damaged.
You hit the orb of fire but do no damage.
The orb of fire is heavily damaged.
The orb of fire enters a dispersal trap!
The Orb Guardian blinks! x2; You blink.
The orb of fire blinks!
The orb of fire glows red.
The fireball explodes!
The fireball engulfs you!!!
The orb of fire glows deep purple.
Strange energies course through your body.
You feel frail.
You feel yourself speed up.
The orb of fire glows yellow.
The bolt of fire hits you!!!
The orb of fire glows deep purple.
The bolt of fire hits you!!!!
You feel threatened and lose the ability to drink potions!
Ouch! That really hurt!
You die...
Your body crumbles into a pile of gold.

..#* **,,,,,,,,,,,,,,,,**
..# **,,................##
.## *,,,.........^.......#
.# #..............^.....#
.## #....................#
..# #...^................#
..## #............[.......#
...###....................#
#...###.........@.X......#*
##..§§##..^....^........##
###§§^.........$....^^##
#▓▓▓▓▓▓▓▓▓▓▓##^...^▓▓
▓▓▓▓....^..........▓▓
##▓............*......▓▓
##............$.........▓▓
#........................▓
▓▓........................▓


You could see an orb of fire and an Orb Guardian.

Vanquished Creatures
  A dread lich (Depths:1)
  2 ancient liches
  An orb of fire (Zot:3)
  2 juggernauts
  Saint Roka (Vaults:5)
  A Killer Klown (Zot:2)
  2 curse toes
  A caustic shrike (Depths:3)
  A caustic shrike (shapeshifter) (Depths:2)
  Jory (Vaults:5)
  The ghost of Plog the Warrior, an adept DgCj (Depths:1)
  12 golden dragons
  Nikola (Spider:2)
  2 bone dragons
  Cloud Mage (WizLab)
  A shard shrike zombie (Crypt:3)
  2 walking crystal tomes
  11 tentacled monstrosities
  10 Orb Guardians (Zot:5)
  5 liches
  3 quicksilver dragons
  A deep elf blademaster (Elf:3)
  8 titans
  3 sphinxes
  2 deep elf master archers (Elf:3)
  8 death cobs
  Gastronok (Lair:2)
  11 ancient champions
  10 storm dragons
  2 shadow dragons
  6 draconian monks
  6 tengu reavers
  3 revenants (Crypt:3)
  13 fire giants
  2 draconian knights
  6 emperor scorpions (Spider:4)
  5 deep elf sorcerers (Elf:3)
  A frost giant (shapeshifter) (Vaults:5)
  Aizul (Spider:1)
  18 vault wardens
  9 ghost moths
  4 iron dragons
  2 angels (Vaults:4)
  3 spectral caustic shrikes (Depths:1)
  2 draconian scorchers (Zot:3)
  8 frost giants
  2 curse skulls
  8 deep elf elementalists (Elf:3)
  14 ghouls
  An orc warlord (Vaults:3)
  2 draconian annihilators
  A balrug (Depths:4)
  A spriggan defender (Depths:4)
  A draconian stormcaller (Depths:4)
  3 draconian shifters
  16 stone giants
  3 war gargoyles
  A broodmother (Spider:3)
  9 deep elf demonologists
  2 juggernaut skeletons (Crypt:3)
  4 ironbound thunderhulks
  8 black draconians
  8 vampire knights
  16 ironbound preservers
  3 green draconians
  36 very ugly things
  6 eleionomae
  7 dire elephants
  7 red draconians
  10 white draconians
  A minotaur (Gauntlet)
  4 purple draconians
  7 bunyips
  12 deep elf annihilators
  5 yellow draconians
  4 eidola
  A crystal guardian (Vaults:2)
  2 green deaths (Swamp:4)
  16 ettins
  7 spark wasps
  4 blizzard demons (WizLab)
  2 fire dragons (Depths:2)
  2 elf zombies
  11 deep elf death magi
  17 jiangshi
  9 deep elf high priests
  8 entropy weavers
  3 rakshasas
  A shambling mangrove (Swamp:3)
  2 quicksilver dragon skeletons
  A hell beast (Depths:2)
  3 great orbs of eyes
  10 yaktaur captains
  3 peacekeepers
  33 vault guards
  6 ghost crabs
  4 merfolk avatars (Swamp:3)
  9 ice dragons
  3 spriggan skeletons
  7 centaur warriors
  18 hydras
  4 ogre magi
  6 ironbound frosthearts
  A juggernaut simulacrum (Depths:1)
  4 radroaches
  8 spriggan air magi
  An Orb Guardian zombie (Crypt:2)
  4 catoblepae
  5 alligators
  10 dancing weapons
  3 two-headed ogres
  6 deep troll shamans
  12 boulder beetles
  A death knight (Crypt:1)
  7 death yaks (Lair:5)
  2 death scarabs (Gauntlet)
  6 tengu warriors
  A thrashing horror (Swamp:4)
  Erica (D:9)
  4 spriggan berserkers
  7 deep troll earth magi
  An orc high priest (Orc:2)
  A shock serpent (WizLab)
  3 spriggans
  10 vampire magi
  A sun demon (Depths:4)
  A skyshark (Lair:2)
  3 titan zombies
  8 hell knights
  Amaemon (Lair:2)
  A fire crab (shapeshifter) (Vaults:5)
  2 soul eaters
  A spectral death yak (Gauntlet)
  A sun moth (Spider:1)
  18 deep elf knights
  7 iron trolls
  23 skeletal warriors
  2 storm dragon skeletons
  8 pharaoh ants
  A fire crab (Gauntlet)
  3 goliath frogs
  A ghost moth zombie (Crypt:1)
  69 deep trolls
  A spark wasp zombie (Depths:2)
  A death drake (WizLab)
  7 orb spiders
  A shadow demon (Depths:2)
  A deep troll (shapeshifter) (D:14)
  15 phantasmal warriors
  2 spriggan druids (Swamp:4)
  5 swamp dragons
  7 bog bodies
  4 flayed ghosts
  4 glowing orange brains
  A golden dragon skeleton (Crypt:3)
  14 ironbound convokers
  A tengu skeleton (Depths:2)
  12 necromancers
  6 wizards
  11 deep elf archers
  An anaconda skeleton (Crypt:2)
  6 harpies
  A sphinx zombie (Crypt:2)
  6 orc knights
  79 ugly things
  27 deep elf pyromancers
  36 deep elf zephyrmancers
  3 steelbarb worms (Spider:4)
  18 lindwurms
  A fire giant zombie (Depths:2)
  3 oklob plants (Lair:3)
  A sphinx skeleton (Depths:2)
  19 wolf spiders
  A manticore (shapeshifter) (Vaults:5)
  6 orc sorcerers
  A salamander (shapeshifter) (D:15)
  2 will-o-the-wisps
  16 manticores
  2 salamanders
  10 moths of wrath
  A stone giant skeleton (Vaults:4)
  9 cyclopes
  2 apocalypse crabs (WizLab)
  A fire giant skeleton (Depths:2)
  5 black mambas
  4 demonic crawlers
  A torpor snail (Spider:3)
  A frost giant skeleton (Depths:2)
  2 naga magi (D:15)
  15 elephants
  16 vault sentinels
  12 cane toads
  5 centaur skeletons
  3 orange demons
  3 rime drakes
  A storm dragon simulacrum (Vaults:5)
  2 unseen horrors (D:13)
  A large abomination (Swamp:4)
  3 gargoyles
  2 smoke demons (Depths:4)
  Maggie (D:8)
  8 freezing wraiths
  An efreet (D:14)
  11 komodo dragons
  An unseen horror zombie (Crypt:3)
  35 yaktaurs
  A yaktaur zombie (Vaults:5)
  An ice devil (Depths:2)
  2 tengu conjurers
  A human skeleton (Vaults:5)
  A hydra zombie (Crypt:2)
  A death yak skeleton (Crypt:2)
  3 meliai (Spider:2)
  A pale draconian skeleton (Crypt:2)
  A queen bee (shapeshifter) (D:14)
  6 trolls
  8 tyrant leeches
  2 wind drakes (WizLab)
  A catoblepas skeleton (Crypt:2)
  A harpy zombie (Crypt:1)
  A mana viper skeleton (Crypt:1)
  5 hornets
  A harpy skeleton (Crypt:2)
  A tarantella (shapeshifter) (D:15)
  19 blink frogs
  7 dream sheep (Lair:4)
  19 tarantellas
  28 jumping spiders
  A spectral black mamba (Gauntlet)
  A jumping spider (shapeshifter) (Vaults:5)
  12 culicivoras
  A culicivora (shapeshifter) (Elf:1)
  39 slime creatures
  2 ettin skeletons (Crypt:3)
  A ynoxinul (Depths:2)
  4 shadows
  14 air elementals
  3 flying skulls (Crypt:2)
  Sigmund (D:6)
  5 wraiths
  A centaur simulacrum (D:15)
  4 wyverns
  6 vampires
  4 fire elementals
  An orc simulacrum (Crypt:2)
  10 water elementals
  62 yaks
  A wind drake skeleton (Crypt:3)
  3 basilisks
  2 fire bats (Gauntlet)
  15 vampire mosquitoes
  A redback (shapeshifter) (D:14)
  67 redbacks
  A fire bat zombie (Crypt:2)
  9 wargs
  2 harpy simulacra (Crypt:2)
  Edmund (D:6)
  5 acid dragons
  21 swamp worms
  A glowing shapeshifter skeleton (Vaults:4)
  4 hell hounds (Depths:2)
  14 water moccasins
  A water moccasin (shapeshifter) (Vaults:5)
  Duvessa (D:7)
  A floating eye (Depths:1)
  A meliai simulacrum (D:15)
  24 orc warriors
  10 ogres
  2 sky beasts (D:7)
  5 ice beasts
  15 wolves
  4 boggarts (D:14)
  15 centaurs
  A fire crab zombie (Crypt:1)
  7 kobold brigands
  Blork the orc (D:6)
  11 bullfrogs
  A gnoll sergeant (D:10)
  A deep troll simulacrum (Crypt:2)
  3 necrophages
  3 scorpions
  Dowan (D:7)
  A spriggan zombie (Crypt:3)
  6 killer bees (D:7)
  3 electric eels
  A wolf zombie (Crypt:3)
  A howler monkey (D:13)
  10 hounds
  A jelly (D:6)
  A lava snake (Lair:5)
  Crazy Yiuf (D:6)
  3 gnoll boudas
  19 orc priests
  A bullfrog skeleton (Crypt:1)
  Jessica (D:3)
  3 iguanas
  Terence (D:3)
  39 orc wizards
  8 hell rats
  2 small abominations (Swamp:4)
  A deep dwarf skeleton (Crypt:1)
  Robin (D:2)
  A howler monkey skeleton (Crypt:3)
  10 adders
  55 gnolls
  A shadow imp (D:7)
  An ufetubus (D:6)
  A dart slug (D:2)
  66 orcs
  6 bats
  5 endoplasms
  7 giant cockroaches
  17 goblins
  7 hobgoblins
  14 jackals
  14 kobolds
  5 quokkas
  7 ball pythons
  3 frilled lizards
  2 giant cockroach zombies
  A quokka skeleton (Crypt:2)
  7 rats
  A river rat skeleton (Crypt:1)
2191 creatures vanquished.

Vanquished Creatures (collateral kills)
  An orb of fire (Zot:5)
  An electric golem (Zot:5)
  A tentacled monstrosity (Swamp:4)
  6 Orb Guardians (Zot:5)
  A deep elf sorcerer (Elf:3)
  A vault warden (Vaults:1)
  An emperor scorpion (Spider:4)
  A deep elf annihilator (Elf:3)
  A deep elf death mage (Elf:3)
  3 deep elf zephyrmancers
  2 deep elf pyromancers (Elf:3)
  A moth of wrath (Zot:5)
  A slime creature (Vaults:1)
  A culicivora (Spider:4)
  A redback (Spider:4)
  An ogre (D:6)
  3 gnoll sergeants
  2 hounds (D:5)
  A gnoll bouda (D:5)
  A sleepcap (D:5)
  9 gnolls
  An orc (D:5)
  A goblin (D:2)
  4 jackals (D:5)
46 creatures vanquished.

Vanquished Creatures (others)
  An ancient lich (Zot:5)
  2 orbs of fire (Zot:5)
  4 Killer Klowns (Zot:5)
  A golden dragon (Vaults:5)
  7 Orb Guardians (Zot:5)
  Asterion (Vaults:2)
  A quicksilver dragon (Zot:5)
  A deep elf sorcerer (Elf:3)
  A deep elf elementalist (Elf:3)
  A draconian stormcaller (Zot:2)
  A green draconian (Zot:5)
  A white draconian (Zot:5)
  A deep elf death mage (Elf:3)
  A spark wasp (WizLab)
  A blizzard demon (WizLab)
  A hell beast (Zot:5)
  A shock serpent (WizLab)
  A deep elf knight (Elf:3)
  2 deep elf archers (Elf:3)
  An ironbound convoker (Vaults:4)
  A deep elf pyromancer (Elf:1)
  2 deep elf zephyrmancers
  A bloated husk (Swamp:1)
  2 slime creatures (Vaults:1)
  A swamp worm (Swamp:1)
  An orc warrior (Orc:1)
  A sky beast (D:8)
  2 gnoll sergeants
  A hound (D:5)
  A sleepcap (D:5)
  A gnoll (D:5)
  A jackal (D:1)
  2 bushes (Lair:1)
  12 foxfires
  35 fungi
  83 plants
  A spectral weapon (Lair:5)
179 creatures vanquished.

Grand Total: 2416 creatures vanquished

Notes
Turn   | Place    | Note
-------+----------+-------------------------------------------
     0 | D:1      | Armakuni the Human Artificer began the quest for the Orb.
     0 | D:1      | Reached XP level 1. HP: 15/15 MP: 1/1
   362 | D:1      | Reached XP level 2. HP: 17/22 MP: 2/2
   664 | D:1      | Reached XP level 3. HP: 24/28 MP: 3/3
  1205 | D:2      | Reached skill level 1 in Maces & Flails
  1387 | D:2      | Reached XP level 4. HP: 35/35 MP: 4/4
  1434 | D:2      | Gained mutation: You expend magic power (3 MP) to
                  | strengthen your wands. [potion of mutation]
  1434 | D:2      | Gained mutation: You have a pair of small horns on your
                  | head. [potion of mutation]
  1434 | D:2      | Gained mutation: You have hidden genetic potential. [potion
                  | of mutation]
  1664 | D:2      | Noticed Robin
  1678 | D:2      | Killed Robin
  1921 | D:3      | Reached XP level 5. HP: 37/41 MP: 5/5
  2068 | D:3      | Noticed Jessica
  2072 | D:3      | Killed Jessica
  2077 | D:3      | Gained mutation: You possess an exceptional clarity of
                  | mind. [hidden potential]
  2310 | D:3      | Identified the +4 rapier of Grandeur {antimagic, rN+
                  | Will+++ Dex-2}
  2627 | D:3      | Noticed Terence
  2634 | D:3      | Killed Terence
  2635 | D:3      | Reached skill level 1 in Short Blades
  3015 | D:4      | Reached XP level 6. HP: 47/47 MP: 6/6
  3057 | D:4      | Gained mutation: You are resistant to electric shocks.
                  | (rElec) [hidden potential]
  3057 | D:4      | Lost mutation: You have hidden genetic potential. [hidden
                  | potential expressed]
  3748 | D:5      | Entered Level 5 of the Dungeon
  3783 | D:5      | Reached XP level 7. HP: 24/52 MP: 1/7
  3849 | D:4      | Reached skill level 5 in Short Blades
  4025 | D:5      | Found Eggiuf's Antique Armour Shoppe.
  4030 | D:5      | Bought a glowing scale mail for 147 gold pieces
  4109 | D:5      | Reached XP level 8. HP: 32/61 MP: 8/8
  4155 | D:5      | Reached skill level 5 in Fighting
  4189 | D:5      | Reached skill level 5 in Evocations
  4346 | D:5      | Found a basalt altar of Yredelemnul.
  4756 | D:5      | Found a glowing silver altar of Zin.
  4756 | D:5      | Found an opulent altar of Gozag.
  4804 | D:6      | Reached XP level 9. HP: 43/68 MP: 5/9
  4852 | D:6      | Noticed Sigmund
  4859 | D:6      | Killed Sigmund
  4874 | D:6      | Noticed Edmund
  4890 | D:6      | Killed Edmund
  4956 | D:6      | Identified the +1 cloak of Tamoank {Dex+4}
  5142 | D:6      | Noticed Blork the orc
  5161 | D:6      | Killed Blork the orc
  5293 | D:6      | Found a shimmering altar of Xom.
  5463 | D:6      | Reached skill level 10 in Evocations
  5568 | D:6      | Found a runed translucent door.
  5569 | D:6      | Noticed Crazy Yiuf
  5576 | D:6      | Killed Crazy Yiuf
  5663 | D:6      | Reached skill level 1 in Staves
  6091 | D:5      | Became a worshipper of Gozag Ym Sagoz the Greedy
  6171 | D:7      | Found a staircase to the Ecumenical Temple.
  6181 | Temple   | Entered the Ecumenical Temple
  6351 | D:7      | Found a flagged portal.
  6371 | D:7      | Reached XP level 10. HP: 73/75 MP: 10/10
  6379 | Bailey   | Entered a bailey
  6627 | Bailey   | Noticed an orc knight
  6629 | Bailey   | Killed an orc knight
  6630 | Bailey   | Reached skill level 5 in Staves
  6902 | D:7      | Found a broken altar of Ashenzari.
  6918 | D:7      | Found a shadowy altar of Dithmenos.
  6921 | D:7      | Found a radiant altar of Vehumet.
  6945 | D:7      | Learned a level 1 spell: Apportation
  7049 | D:7      | Noticed Duvessa
  7069 | D:7      | Killed Duvessa
  7072 | D:7      | Noticed Dowan
  7087 | D:7      | Killed Dowan
  7505 | D:7      | Found an iron altar of Okawaru.
  7853 | D:8      | Found Vuetzumm's Assorted Antiques.
  7863 | D:8      | Bought an ebony halberd for 189 gold pieces
  7863 | D:8      | Identified the +5 halberd "Demonbane" {freeze, rCorr Dex-2
                  | SInv} (You bought it in a shop on level 8 of the Dungeon)
  7865 | D:8      | Bought a scroll of enchant armour for 157 gold pieces
  7865 | D:8      | Bought a scroll of teleportation for 63 gold pieces
  7865 | D:8      | Bought a bronze wand for 84 gold pieces
  7880 | D:8      | Noticed Maggie
  7903 | D:8      | Killed Maggie
  8198 | D:8      | Bought a wand of charming (1) for 50 gold pieces
  8198 | D:8      | Bought a potion of might for 84 gold pieces
  8493 | D:9      | Reached XP level 11. HP: 80/80 MP: 11/11
  8659 | D:9      | Noticed Erica
  8667 | D:9      | Killed Erica
  8668 | D:9      | Reached skill level 10 in Staves
  8843 | D:9      | Noticed a cyclops
  8845 | D:9      | Noticed a manticore
  8846 | D:9      | Noticed a green ugly thing
  8846 | D:9      | Noticed a manticore
  8971 | D:9      | Banished a green ugly thing
  8976 | D:9      | Killed a manticore
  9148 | D:9      | Killed a cyclops
  9234 | D:9      | Killed a manticore
  9441 | D:9      | Found a glowing golden altar of the Shining One.
  9528 | D:5      | Bought a pair of embroidered boots for 157 gold pieces
  9670 | D:10     | Entered Level 10 of the Dungeon
 10057 | D:10     | Noticed a two-headed ogre
 10072 | D:10     | Killed a two-headed ogre
 10251 | D:10     | Identified the +4 ring mail of the Many Youths {Rampage
                  | Str+2 Int+3 Dex+4}
 10291 | D:10     | Found a stormy altar of Qazlal.
 10415 | D:10     | Found a staircase to the Lair.
 10523 | D:10     | Noticed a two-headed ogre
 10536 | D:10     | Killed a two-headed ogre
 10625 | D:10     | Found a staircase to the Orcish Mines.
 10630 | D:10     | Reached XP level 12. HP: 94/94 MP: 12/12
 10731 | D:10     | Found a burning altar of Makhleb.
 10731 | D:10     | Found a shimmering blue altar of Sif Muna.
 10784 | Orc:1    | Entered Level 1 of the Orcish Mines
 10978 | D:10     | Reached skill level 1 in Shields
 11243 | Orc:1    | HP: 4/95 [orc priest/divine providence[an orc knight] (13)]
 11919 | Orc:2    | Entered Level 2 of the Orcish Mines
 12254 | Orc:1    | Bought a translucent trident for 204 gold pieces
 12254 | Orc:1    | Identified the +7 trident "Xualoromm" {protect, Str+4} (You
                  | bought it in a shop on level 1 of the Orcish Mines)
 12368 | Orc:2    | Found a staircase to the Elven Halls.
 12468 | Orc:2    | Noticed a sun demon
 12468 | Orc:2    | Noticed an orc high priest
 12468 | Orc:2    | Paralysed by an orc sorcerer for 2 turns
 12478 | Orc:2    | Killed an orc high priest
 12641 | Orc:2    | Reached skill level 10 in Fighting
 12674 | Orc:2    | Noticed an ettin
 12698 | Orc:2    | Killed an ettin
 12699 | Orc:2    | Reached skill level 1 in Spellcasting
 12699 | Orc:2    | Reached XP level 13. HP: 68/103 MP: 14/14
 12881 | Orc:2    | Found Jiddutru's Assorted Antiques.
 12881 | Orc:2    | Found Iluz's Weapon Boutique.
 12882 | Orc:2    | Found Qozusef's Antique Weapon Boutique.
 12886 | Orc:2    | Found Kemedentuufa's Armour Shop.
 12898 | Orc:2    | Bought a +1 hat of willpower for 240 gold pieces
 12907 | Orc:2    | Bought 5 curare-tipped darts for 84 gold pieces
 12908 | Orc:2    | Bought a wand of flame (12) for 294 gold pieces
 12971 | Orc:2    | Found Zaoxan's Jewellery Boutique.
 13285 | Lair:1   | Entered Level 1 of the Lair of Beasts
 13384 | Lair:1   | Identified the +8 short sword "Inuku" {heavy, rF+ rN+}
 13984 | Lair:1   | Reached skill level 5 in Armour
 13997 | Lair:1   | Reached skill level 5 in Dodging
 14015 | Lair:1   | Learned a level 4 spell: Iskenderun's Mystic Blast
 14356 | Lair:1   | Reached skill level 5 in Shields
 15033 | Lair:2   | Noticed Amaemon
 15080 | Lair:2   | Killed Amaemon
 15082 | Lair:2   | Reached XP level 14. HP: 79/110 MP: 15/15
 15206 | Lair:2   | Noticed Gastronok
 15238 | Lair:2   | Killed Gastronok
 16166 | Lair:3   | Identified the +6 chain mail of Perpetual Drought {rElec
                  | Str-2 Int+6}
 16377 | Lair:3   | Found a hole to the Spider Nest.
 16519 | Lair:3   | Reached skill level 10 in Shields
 16724 | Lair:3   | Found a staircase to the Swamp.
 17307 | Lair:4   | Found a gate leading to a gauntlet.
 17375 | Gauntlet | Entered a Gauntlet
 17375 | Gauntlet | Found a transporter.
 17384 | Gauntlet | Found a transporter.
 17399 | Gauntlet | Found a transporter.
 17404 | Gauntlet | Found a transporter.
 17419 | Gauntlet | Found a transporter.
 17435 | Gauntlet | Found a transporter.
 17450 | Gauntlet | Found a transporter.
 17462 | Gauntlet | Found a transporter.
 17468 | Gauntlet | Found a transporter.
 17468 | Gauntlet | Found a transporter.
 17483 | Gauntlet | Found a transporter.
 17489 | Gauntlet | Found a transporter.
 17504 | Gauntlet | Found a transporter.
 17521 | Gauntlet | Found a transporter.
 17541 | Gauntlet | Found a transporter.
 17566 | Gauntlet | Found a transporter.
 17568 | Gauntlet | Found a transporter.
 17588 | Gauntlet | Found a transporter.
 17659 | Gauntlet | Identified the +8 rapier "Baixzefe" {spect, *Rage rElec
                  | Int+4}
 17869 | Gauntlet | Noticed a minotaur
 17884 | Gauntlet | Killed a minotaur
 17890 | Gauntlet | Got the Tractate on Battle Magic and the Shift
 17927 | Lair:4   | Reached XP level 15. HP: 115/115 MP: 16/16
 18571 | Lair:5   | Entered Level 5 of the Lair of Beasts
 18760 | Lair:5   | Found a viscous altar of Jiyva.
 18760 | Lair:5   | Found a staircase to the Slime Pits.
 18909 | Lair:5   | Reached XP level 16. HP: 117/122 MP: 17/17
 18929 | Lair:5   | Identified the +10 long sword "Lagydy" {freeze, rPois
                  | Int+2}
 19494 | Lair:5   | Reached skill level 5 in Maces & Flails
 20305 | Lair:1   | Bought a scroll of enchant weapon for 120 gold pieces
 20305 | Lair:1   | Bought a scroll of enchant weapon for 120 gold pieces
 21400 | D:12     | Reached skill level 15 in Shields
 21823 | D:13     | Identified the +7 quarterstaff of Terrible Expedience
                  | {freeze, rPois}
 22708 | D:14     | Found a gate to the Vaults.
 22737 | D:14     | Reached XP level 17. HP: 128/128 MP: 18/18
 23630 | D:14     | Found a sacrificial altar of Ru.
 23816 | D:15     | Entered Level 15 of the Dungeon
 23816 | D:15     | Found Nouloz's Antique Armour Boutique.
 23820 | D:15     | Bought an ichor-stained scarf for 330 gold pieces
 23820 | D:15     | Identified the scarf of Untold Secrets {+Inv, +Blink rPois
                  | Dex+3} (You bought it in a shop on level 15 of the Dungeon)
 23918 | D:15     | Reached skill level 10 in Dodging
 24113 | Lair:1   | Bought the +0 mask of the Dragon {Will+ Slay+3 SInv} for
                  | 1068 gold pieces
 24113 | Lair:1   | Found the +0 mask of the Dragon {Will+ Slay+3 SInv}
 24126 | Lair:1   | Bought a shiny kite shield for 240 gold pieces
 24182 | D:8      | Bought a scroll of enchant weapon for 157 gold pieces
 24399 | D:15     | Found a staircase to the Depths.
 25132 | Swamp:1  | Entered Level 1 of the Swamp
 26096 | Swamp:2  | Got the Papyrus of Mezcal
 26631 | Swamp:3  | Reached XP level 18. HP: 56/134 MP: 19/19
 26739 | Swamp:3  | Reached skill level 10 in Maces & Flails
 27402 | Swamp:4  | Entered Level 4 of the Swamp
 27658 | Swamp:4  | Noticed a tentacled monstrosity
 27672 | Swamp:4  | Killed a tentacled monstrosity
 28136 | Swamp:4  | Noticed a tentacled monstrosity
 28152 | Swamp:4  | Killed a tentacled monstrosity
 28159 | Swamp:4  | Got a decaying rune of Zot
 28836 | Lair:1   | Bought the ring of Milem {rCorr Str+4 Int+4 SInv} for 621
                  | gold pieces
 28844 | Lair:1   | Bought the ring "Vuoleiqu" {Contam rPois Will++ Dex+6
                  | Stlth+} for 817 gold pieces
 28928 | Spider:1 | Entered Level 1 of the Spider Nest
 29085 | Spider:1 | Noticed Aizul
 29111 | Spider:1 | Killed Aizul
 29747 | Spider:2 | Reached XP level 19. HP: 131/146 MP: 20/20
 30721 | Spider:3 | Noticed Nikola
 30837 | Spider:2 | Killed Nikola
 30958 | Spider:3 | Identified the +3 war axe of Amorality {holy, rC+ rN+ Int-3
                  | Dex+4}
 31300 | Spider:3 | Identified the +6 scale mail "Yjuin" {rN+ Will- Int+4}
 31808 | Spider:4 | Entered Level 4 of the Spider Nest
 32237 | Spider:4 | Reached skill level 15 in Fighting
 32418 | Spider:4 | Got a gossamer rune of Zot
 32742 | Spider:4 | Reached skill level 10 in Armour
 32793 | Spider:4 | Reached XP level 20. HP: 105/162 MP: 21/21
 33297 | Lair:1   | Bought a scroll of enchant armour for 120 gold pieces
 33386 | Elf:1    | Entered Level 1 of the Elven Halls
 33390 | Elf:1    | Paralysed by an air elemental for 1 turns
 33519 | Elf:1    | Paralysed by an air elemental for 1 turns
 34102 | Elf:1    | Found Dituj's Jewellery Shop.
 34102 | Elf:1    | Found Tubruil's Book Shoppe.
 34103 | Elf:1    | Found Omagianwu's Jewellery Shop.
 34113 | Elf:1    | Learned a level 2 spell: Lesser Beckoning
 34280 | Elf:2    | Paralysed by an air elemental for 1 turns
 34622 | Elf:2    | Got the Essays on the Curse
 34733 | Elf:2    | Found a runed translucent gate.
 34733 | Elf:2    | Found a runed translucent gate.
 34734 | Elf:2    | Found a runed translucent gate.
 34967 | Elf:3    | Entered Level 3 of the Elven Halls
 35261 | Elf:3    | Noticed an Ice Fiend
 35706 | Elf:3    | Reached skill level 15 in Armour
 35757 | Elf:3    | Reached XP level 21. HP: 98/160 MP: 18/22
 35758 | Elf:3    | Identified the ring "Fivoeloe" {Fly rF+ Str+2 Int-3 Dex+2}
 36000 | Elf:3    | Identified the +8 halberd "Undertaker" {elec, Dex+3}
 36447 | Elf:3    | Got Sif Muna's Almanac of Charnel Accelerants
 36537 | Elf:3    | Identified the +9 scale mail of Lies {rPois rN++ Will-
                  | Regen+}
 36555 | Elf:3    | Identified the +0 pair of boots "Awkotz" {Dex+3 Stlth+}
 36593 | Elf:3    | Found the +3 giant club "Skullcrusher" {speed, Str+7}
 36882 | Vaults:1 | Entered Level 1 of the Vaults
 36921 | Vaults:1 | Reached skill level 1 in Axes
 36967 | Vaults:1 | Reached skill level 2 in Axes
 37000 | Vaults:1 | Reached skill level 3 in Axes
 37029 | Vaults:1 | Reached skill level 4 in Axes
 37083 | Vaults:1 | Reached skill level 5 in Axes
 37167 | Vaults:1 | Reached skill level 6 in Axes
 37424 | Vaults:1 | Reached skill level 7 in Axes
 37565 | Vaults:1 | Reached XP level 22. HP: 175/175 MP: 23/23
 37574 | Vaults:1 | Reached skill level 8 in Axes
 37849 | Vaults:1 | Found Tygesses's Distillery.
 38123 | Vaults:1 | Reached skill level 9 in Axes
 38414 | Vaults:2 | Learned a level 2 spell: Blink
 38992 | Vaults:2 | Reached skill level 10 in Axes
 39159 | Vaults:2 | Reached skill level 5 in Translocations
 39555 | Vaults:2 | Noticed Asterion
 39566 | Vaults:2 | Killed Asterion
 39886 | Vaults:3 | Reached skill level 11 in Axes
 40152 | Vaults:3 | Found Kiabo's Book Shoppe.
 40192 | Vaults:3 | Found Ucicre's Antique Weapon Emporium.
 40197 | Vaults:3 | Bought a book of Blood for 420 gold pieces
 40200 | Vaults:3 | Learned a level 2 spell: Wereblood
 40791 | Vaults:3 | Reached skill level 12 in Axes
 40924 | Vaults:3 | Found a staircase to the Crypt.
 41011 | Vaults:3 | Found Tuscheys's Armour Emporium.
 41031 | Vaults:3 | Reached XP level 23. HP: 134/181 MP: 24/24
 41138 | Crypt:1  | Entered Level 1 of the Crypt
 41266 | Crypt:1  | Found a magical portal.
 41304 | WizLab   | Entered The Chambers of the Cloud Mage
 41371 | WizLab   | Paralysed by an air elemental for 1 turns
 41446 | WizLab   | Paralysed by an air elemental for 1 turns
 41512 | WizLab   | Paralysed by an air elemental for 1 turns
 41703 | WizLab   | Noticed Susuy
 41711 | WizLab   | Killed Susuy the Cloud Mage
 41756 | WizLab   | Found the +5 Storm Queen's Shield {shock, Fly rElec}
 41766 | WizLab   | Reached skill level 13 in Axes
 41770 | WizLab   | Got the Codex of the Brume
 41807 | WizLab   | Got the Quarto of the Brume
 42223 | Crypt:1  | Reached skill level 10 in Translocations
 42261 | Crypt:1  | You are sucked into a shaft and drop 1 floor!
 42372 | Crypt:2  | Reached skill level 14 in Axes
 43543 | Crypt:3  | Entered Level 3 of the Crypt
 43556 | Crypt:3  | Reached skill level 15 in Axes
 43769 | Crypt:3  | Found a staircase to the Tomb.
 43813 | Crypt:3  | Reached skill level 16 in Axes
 43892 | Crypt:3  | Reached XP level 24. HP: 139/188 MP: 24/24
 43972 | Crypt:3  | Reached skill level 1 in Conjurations
 44789 | Crypt:3  | Found an ancient bone altar of Kikubaaqudgha.
 44789 | Crypt:3  | Found a basalt altar of Yredelemnul.
 44789 | Crypt:3  | Noticed a curse toe
 44798 | Crypt:3  | Killed a curse toe
 44799 | Crypt:3  | Reached skill level 5 in Conjurations
 44820 | Crypt:3  | Reached skill level 1 in Transmutations
 44838 | Crypt:3  | Identified the +6 spear of the Four Realms {heavy, Int+5}
 44843 | Crypt:3  | Got the Lessons on Resurrection
 45148 | Vaults:4 | Reached skill level 5 in Spellcasting
 45230 | Vaults:4 | Found a white marble altar of Elyvilon.
 45231 | Vaults:4 | Found a glowing golden altar of the Shining One.
 45231 | Vaults:4 | Found a crumbling gateway.
 45238 | Vaults:4 | Found a glowing silver altar of Zin.
 45394 | Vaults:4 | Found a gateway to a bazaar.
 45403 | Bazaar   | Entered a bazaar
 45403 | Bazaar   | Found Upes's Antique Weapon Emporium.
 45403 | Bazaar   | Found Eri Loma's Antique Armour Shoppe.
 45403 | Bazaar   | Found Yheutudd's Assorted Antiques.
 45408 | Bazaar   | Found Bula's Book Shoppe.
 45419 | Bazaar   | Bought the +2 cloak of the Thief {*Fog Slay-2 SInv Stlth+}
                  | for 341 gold pieces
 45419 | Bazaar   | Found the +2 cloak of the Thief {*Fog Slay-2 SInv Stlth+}
 45425 | Bazaar   | Bought the +3 Mad Mage's Maulers {Infuse+∞ VampMP -Cast}
                  | for 680 gold pieces
 45425 | Bazaar   | Found the +3 Mad Mage's Maulers {Infuse+∞ VampMP -Cast}
 46551 | Vaults:4 | Reached skill level 17 in Axes
 47674 | Vaults:4 | Identified the +0 helmet of the Rotten God {rF+ Str+2}
 47929 | Vaults:5 | Entered Level 5 of the Vaults
 47962 | Vaults:4 | Reached skill level 18 in Axes
 48406 | Vaults:5 | Identified the +10 arbalest "Dragon's Tongue" {freeze,
                  | Str+2}
 48412 | Vaults:5 | Reached XP level 25. HP: 169/194 MP: 2/30
 48414 | Vaults:5 | Noticed Jory
 48454 | Vaults:5 | Killed Jory
 48634 | Vaults:5 | Noticed an ancient lich
 48645 | Vaults:5 | Killed an ancient lich
 48903 | Vaults:5 | Reached skill level 19 in Axes
 49522 | Vaults:5 | Identified the +5 broad axe "Utoesul" {protect, rN+ Int-3
                  | SInv}
 49528 | Vaults:5 | Identified the scarf of Jost {repulsion, rElec}
 49655 | Vaults:5 | Got the Omnibus of Heat
 49960 | Vaults:5 | Got Kuzear's Omnibus of Posthumous Poisoning
 49964 | Vaults:5 | Identified the +1 ring mail of Stoicism {-Tele rPois rC++}
 49966 | Vaults:5 | Identified the amulet "Siesuozo" {Regen+ Dex+2}
 49988 | Vaults:5 | Reached skill level 20 in Axes
 51074 | Vaults:5 | Noticed Saint Roka
 51099 | Vaults:5 | Killed Saint Roka
 51892 | Vaults:5 | Got a silver rune of Zot
 52139 | Depths:1 | Entered Level 1 of the Depths
 52263 | Depths:1 | Noticed Plog's ghost (adept DgCj)
 52263 | Depths:1 | Noticed a dread lich
 52277 | Depths:1 | Reached skill level 21 in Axes
 52506 | Depths:1 | Found Eklis's Overcharged Wands.
 52514 | Depths:1 | Bought a wand of digging (11) for 693 gold pieces
 52514 | Depths:1 | Bought a wand of acid (18) for 1134 gold pieces
 52514 | Depths:1 | Bought a wand of roots (18) for 648 gold pieces
 52514 | Depths:1 | Bought a wand of roots (18) for 648 gold pieces
 52514 | Depths:1 | Bought a wand of flame (40) for 420 gold pieces
 52514 | Depths:1 | Bought a wand of flame (40) for 420 gold pieces
 53088 | Depths:1 | Found a gateway to Hell.
 53373 | Depths:1 | Found a runed translucent door.
 53377 | Depths:1 | Found a runed translucent door.
 53409 | Depths:1 | Reached XP level 26. HP: 201/201 MP: 7/30
 54392 | Depths:1 | Reached skill level 22 in Axes
 54652 | Depths:1 | Killed a dread lich
 54695 | Depths:1 | Killed Plog's ghost
 54732 | Depths:1 | Identified the +1 war axe of Duty {pain, rC- Str+7 Dex-2}
 54735 | Depths:1 | Identified the amulet of Muifrun {Spirit rC+ Dex+4}
 55603 | Depths:2 | Found a one-way gateway to a ziggurat.
 55887 | Depths:2 | Reached skill level 23 in Axes
 56235 | Depths:2 | Found a one-way gate leading to the halls of Pandemonium.
 57825 | Depths:2 | Reached skill level 24 in Axes
 58022 | Depths:2 | Noticed a juggernaut
 58037 | Depths:2 | Killed a juggernaut
 59078 | Depths:2 | Reached XP level 27. HP: 166/207 MP: 2/30
 59396 | Depths:2 | Reached skill level 25 in Axes
 60255 | Depths:3 | Found a one-way gate to the infinite horrors of the Abyss.
 60256 | Depths:3 | Found a corrupted altar of Lugonu.
 60299 | Depths:3 | Noticed a juggernaut
 60319 | Depths:3 | Killed a juggernaut
 60842 | Depths:3 | Reached skill level 26 in Axes
 62001 | Depths:4 | Entered Level 4 of the Depths
 62577 | Depths:4 | Found Goptud's Antique Armour Shop.
 62579 | Depths:4 | Found Fukocah's General Store.
 62579 | Depths:4 | Found Luukh's Magic Scroll Shop.
 62582 | Depths:4 | Found Uthrino's General Store.
 62587 | Depths:4 | Bought a potion of heal wounds for 90 gold pieces
 62599 | Depths:4 | Bought a scroll of immolation for 68 gold pieces
 62599 | Depths:4 | Bought a scroll of fog for 68 gold pieces
 62599 | Depths:4 | Bought a scroll of magic mapping for 127 gold pieces
 62599 | Depths:4 | Bought a scroll of magic mapping for 127 gold pieces
 63006 | Depths:4 | Identified the +5 pair of gloves of Unbearable Salvation
                  | {+Inv Str+2}
 63249 | Depths:4 | Found a gate to the Realm of Zot.
 64385 | Zot:1    | Entered Level 1 of the Realm of Zot
 65216 | Zot:2    | Noticed a Killer Klown
 65243 | Zot:2    | Killed a Killer Klown
 65410 | Zot:3    | Noticed an orb of fire
 65832 | Zot:3    | Killed an orb of fire
 67063 | Zot:5    | Entered Level 5 of the Realm of Zot
 67366 | Zot:5    | Noticed an ancient lich
 67378 | Zot:5    | Killed an ancient lich
 67444 | Zot:5    | Noticed an ancient lich
 67456 | Zot:5    | Noticed a Killer Klown
 67459 | Zot:5    | Noticed a Killer Klown
 67462 | Zot:5    | Noticed a Killer Klown
 67464 | Zot:5    | Noticed an orb of fire
 67464 | Zot:5    | Lost mutation: You possess an exceptional clarity of mind.
                  | [an orb of fire]
 67467 | Zot:5    | Gained mutation: You occasionally lose the ability to drink
                  | potions when taking damage. [an orb of fire]
 67475 | Zot:5    | Gained mutation: Potions are less effective at restoring
                  | your health. [an orb of fire]
 67478 | Zot:5    | Killed an orb of fire
 67533 | Zot:5    | Got the Orb of Zot
 67534 | Zot:5    | Noticed an orb of fire
 67535 | Zot:5    | Noticed an orb of fire
 67546 | Zot:5    | Killed an orb of fire
 67550 | Zot:5    | Killed an orb of fire
 67560 | Zot:5    | Killed a Killer Klown
 67563 | Zot:5    | Killed an ancient lich
 67566 | Zot:5    | Killed a Killer Klown
 67568 | Zot:5    | Killed a Killer Klown
 67568 | Zot:5    | Noticed an orb of fire
 67586 | Zot:5    | Gained mutation: You are frail. (-10% HP) [an orb of fire]
 67587 | Zot:5    | Killed from afar by an orb of fire

Illustrated notes

Levels and vault maps discovered:
D:1:      saegor_arrival_fortress, layout_basic
D:2:      layout_basic, minmay_close_crescents, uniq_robin
D:3:      layout_basic, minmay_misc_feat_five, uniq_terence, uniq_jessica
D:4:      layout_basic, grunt_decor_junction
D:5:      layout_cave_pools, grunt_temple_overflow_gold_and_silver,
          lemuel_tele_altar, serial_gnoll_camp, gnoll_camp_mini_shop,
          gnoll_camp_mini_hut, gnoll_camp_huts_basic, gnoll_camp_medium_02,
          gnoll_camp_mini_doghouse
D:6:      lemuel_ice_spiral_2, layout_basic, nicolae_overflow_hidden_temple,
          minmay_misc_feat_x, minmay_fractal_squares_5, uniq_sigmund,
          uniq_blork_the_orc, uniq_crazy_yiuf_cottage, uniq_edmund
D:7:      layout_cave_pods, grunt_temple_overflow_cloverleaf,
          minmay_temple_entry_stoned_glass, enter_bailey_2,
          minmay_misc_feat_ornament, uniq_duvessa
D:8:      layout_rooms, serial_shops, shop, uniq_maggie
D:9:      layout_roguey, tso_oasis_becter, chequers_serial_rivers_large_a,
          minmay_radiant, uniq_erica
D:10:     layout_irregular_city, gammafunk_temple_overflow_wave,
          nicolae_qazlal_general_emergency, erik_lair_island,
          kennysheep_orc_monster_closet_entryway
D:11:     minmay_bubble_buster, layout_long_grid
D:12:     layout_loops_ring
D:13:     layout_stronghold, elves_outpost_lemuel
D:14:     minmay_the_grid_octo_tiled_octocenter [minmay_the_grid_octo_checkered,
          minmay_the_grid_octo_pinwheel, minmay_the_grid_octo_77,
          minmay_the_grid_octo_vomiting_pacman,
          minmay_the_grid_octo_prize_square_snowflake,
          minmay_the_grid_square_5x5_sharp_hourglass,
          minmay_the_grid_square_5x5_half_checkered,
          minmay_the_grid_square_5x5_two_small,
          minmay_the_grid_square_5x5_three_small], layout_cave_pools,
          nicolae_two_hexagons, nicolae_ru_great_annihilating_truth
D:15:     grunt_enter_depths_magical_seal, layout_loops_ring, serial_shops,
          shop, st_stairs_6
Temple:   nicolae_temple_bog_church
Lair:1:   layout_cave_pods, nicolae_lair_grazing_beasts
          [nicolae_sub_lair_graze_edge, nicolae_sub_lair_graze_edge,
          nicolae_sub_lair_graze_edge, nicolae_sub_lair_graze_edge],
          grunt_megastairs_3, lemuel_fruit_tree
Lair:2:   layout_gridlike, minivault_27, nicolae_quartered_pool_super,
          uniq_amaemon, uniq_gastronok
Lair:3:   layout_gridlike, nicolae_swamp_entry_splash_gauntlet,
          spider_nest_entry_webs, st_stairs_5, dpeg_oklob_1
Lair:4:   layout_small_grid, gauntlet_entry_generic
Lair:5:   evilmike_catoblepas_cave, layout_gridlike, slime_entry_1,
          grunt_megastairs_1
Swamp:1:  layout_falls_marsh, evilmike_swamp_ruin_house_4
Swamp:2:  layout_basic_swamp, nicolae_swamp_feature_on_the_river_bank,
          ldierk_geyser
Swamp:3:  layout_basic_swamp, nicolae_swamp_some_circles, swamp_pool4,
          grunt_lady_of_the_lake, infiniplex_staircase_pool
Swamp:4:  swamp_vile, layout_basic_swamp, swamp_pool1
Spider:1: layout_spider_delve, uniq_aizul
Spider:2: nicolae_spider_mines_2, nicolae_spider_rock_and_or_roll,
          hangedman_spider_tarantella_strand
Spider:3: layout_spider_delve, uniq_nikola
Spider:4: grunt_spider_rune_circles
Orc:1:    layout_caves, basic_altar, mines5_lemuel
Orc:2:    st_orc_mages, layout_caves, serial_shops, nicolae_lakefront_shop
Elf:1:    layout_rooms, hangedman_elf_represent, minmay_shop_grove
Elf:2:    nicolae_elf_blades_splatter_lattice [grunt_blade_entry_basic],
          layout_loops_cross, hellmonk_bongcloud_opening
Elf:3:    nooodl_elf_gasket, layout_gridlike, st_stairs_6
Vaults:1: v_rooms_3, nicolae_vaults_puzzle_piece,
          nicolae_vaults_network_periphery, nicolae_vaults_octothorpe,
          nicolae_vaults_disjoint_gnomons, v_rooms_6,
          nicolae_vaults_little_squares_4, vaults_room_stairs_pillars,
          nicolae_vaults_mush_room, nicolae_vaults_trapezoid_lopsided_3,
          v_misc_17, vaults_room_fours, nicolae_vaults_trapezoid_2,
          layout_vaults_omnibox, serial_shops, nicolae_shop_industrial_runoff
Vaults:2: ontoclasm_vaults_misaligned, nicolae_vaults_shrinking_rooms_2,
          vaults_room_pool, nicolae_vaults_surprise_closet, vaults_mumra_lcd,
          nicolae_vaults_apartment_2, nicolae_vaults_tangram_2,
          nicolae_vaults_double_plus_1, nicolae_vaults_hexular_roomagon,
          v_misc_24, nicolae_vaults_house_2, nicolae_vaults_gold_heap,
          nicolae_vaults_house_2, layout_vaults_quadrants, uniq_asterion
Vaults:3: nicolae_vaults_mini_display_case, nicolae_vaults_little_squares_6,
          minmay_crypt_entry_simple_round, nicolae_vaults_layer_cake_slice,
          grunt_vaults_swirl, vaults_dpeg_encased_lava, vaults_mumra_hex,
          ontoclasm_vaults_tryst, nicolae_vaults_trapezoid_lopsided_1,
          nicolae_vaults_shelves_hall, dpeg_vaults_monster_box, v_misc_23,
          v_misc_10, grunt_vaults_focal, vaults_room_door_ring,
          ontoclasm_vaults_chip, layout_vaults_ring, serial_shops,
          nicolae_shop_tiny_statue_garden, shop
Vaults:4: portal_desolation_entry_holy_temple, nicolae_vaults_trapezoid_2,
          v_misc_8, v_pattern_4, v_alt_pattern_2, nicolae_vaults_angled_halls,
          nicolae_vaults_apartment_2, hangedman_vaults_maws,
          ontoclasm_vaults_ring_small, ontoclasm_vaults_spin,
          ontoclasm_vaults_loading_screen, layout_vaults_omnicross,
          serial_shops, freezing_bzr
Vaults:5: uniq_saint_roka, uniq_jory
Crypt:1:  layout_gridlike, lightli_enter_wizlab_magi_temple
Crypt:2:  layout_misc_corridors, grunt_megastairs_4
Crypt:3:  lightli_unholy_cathedral, layout_chaotic_city, grunt_megastairs_5
Depths:1: layout_gridlike, muffindrake_ghost_dual_entry,
          pf_hell_entry_tar_river, grunt_decor_cap, drop_trap,
          nicolae_shop_overcharged_wands
Depths:2: grunt_twisty_corner, layout_gridlike, enter_ziggurat_b, hell_entry,
          rand_demon_pan_entry_5, special_room [special_room_mythical_zoo],
          minmay_staircase_bubble
Depths:3: evilmike_diamond_2, layout_cave_shapes, abyss_entry_flame_altar,
          hell_entry, kennysheep_generic_room_14
Depths:4: grunt_zot_entry_pinwheel, layout_gridville, hellmouth_1,
          dk_noncrumbling_3, kennysheep_random_hallway, minmay_shoptagon,
          serial_bayou_shore_b
Zot:1:    layout_basic
Zot:2:    layout_concentric_octagons
Zot:3:    layout_onion_interference, gammafunk_ghost_arena
Zot:4:    kennysheep_ambush_hall, layout_onion_interference
Zot:5:    layout_twisted_circle, serial_nicolae_subway,
          nicolae_sub_station_crystal, nicolae_sub_station_stone,
          nicolae_sub_station_metal

Skill      XL: |  1  2  3  4  5  6  7  8  9 10 11 12 13 14 15 16 17 18 19 20 21 22 23 24 25 26 27 |
---------------+----------------------------------------------------------------------------------+-----
Fighting       | 2 3 4 5 8 10 11 15 21 | 21.0
Maces & Flails | 1 8 9 13 | 13.5
Dodging        | 2 4 5 6 10 13 | 13.0
Evocations     | 4 7 10 12 | 12.6
Short Blades   | 1 4 5 |  5.0
Armour         | 3 4 5 7 10 15 | 15.0
Staves         | 3 9 11 13 | 13.9
Shields        | 4 7 13 14 15 | 15.0
Stealth        | 4 |  4.0
Spellcasting   | 1 5 |  5.2
Translocations | 2 3 8 10 | 10.0
Axes           | 7 12 16 18 21 24 26 | 26.2
Conjurations   | 5 |  5.5
Transmutations | 2 |  2.2

Action                     |  1- 3 |  4- 6 |  7- 9 | 10-12 | 13-15 | 16-18 | 19-21 | 22-24 | 25-27 || total
---------------------------+-------+-------+-------+-------+-------+-------+-------+-------+-------++-------
  Melee: Club              |    56 |       |       |       |       |       |       |       |       ||    56
         Whip              |    52 |       |       |       |       |       |       |       |       ||    52
         Dagger            |       |   146 |   258 |   858 |       |       |       |       |       ||  1262
         Headbutt          |       |    28 |    63 |   260 |   210 |   452 |   434 |   626 |   632 ||  2705
         Punch             |       |     1 |     3 |    11 |       |       |       |       |       ||    15
         Quarterstaff      |       |       |       |    15 |       |       |       |       |       ||    15
         Trident           |       |       |       |    64 |   849 |       |       |       |       ||   913
         Rapier            |       |       |       |       |    38 |       |       |       |       ||    38
         Demon whip        |       |       |       |       |     6 |  1483 |  1143 |       |       ||  2632
         Broad axe         |       |       |       |       |       |       |   140 |  1700 |  1779 ||  3619
   Fire: Sling             |    22 |     9 |       |       |       |       |       |       |       ||    31
  Throw: Dart              |    20 |     1 |       |    25 |     9 |     1 |     6 |     3 |     4 ||    69
         Throwing net      |       |     1 |    13 |    20 |     1 |     1 |       |       |       ||    36
 Invoke: Call Merchant     |       |       |       |     2 |       |     3 |     2 |       |       ||     7
         Potion Petition   |       |       |       |       |     1 |     1 |     1 |       |     1 ||     4
         Bribe Branch      |       |       |       |       |       |       |       |       |     1 ||     1
Ability: Evoke Invisibilit |       |       |       |       |       |       |     4 |     2 |       ||     6
  Evoke: Wand              |     9 |     7 |    21 |    37 |    21 |    13 |    33 |    13 |     7 ||   161
         Tin of tremorston |       |       |       |     3 |     2 |     5 |     4 |       |     6 ||    20
         Phial of floods   |       |       |       |       |       |     1 |     2 |       |       ||     3
         Box of beasts     |       |       |       |       |       |     1 |     2 |       |     1 ||     4
         Phantom mirror    |       |       |       |       |       |     1 |     2 |       |     1 ||     4
         Lightning rod     |       |       |       |       |       |       |    15 |     1 |    10 ||    26
    Use: Scroll            |     3 |     7 |     8 |     4 |     8 |    15 |    10 |     8 |     6 ||    69
         Potion            |       |     1 |     1 |     5 |     7 |     2 |    14 |     4 |    11 ||    45
   Stab: Held in net/web   |       |     1 |     3 |     7 |     2 |       |       |       |       ||    13
         Distracted        |       |     1 |       |     6 |     7 |    15 |    19 |    18 |    30 ||    96
         Sleeping          |       |       |     1 |     2 |    13 |    13 |    30 |    23 |    14 ||    96
         Invisible         |       |       |       |     4 |     4 |    12 |    44 |    10 |     3 ||    77
         Petrified         |       |       |       |       |       |     7 |       |       |       ||     7
         Petrifying        |       |       |       |       |       |     4 |       |       |       ||     4
 Armour: Leather armour    |    53 |    30 |     4 |       |       |       |       |       |       ||    87
         Scale mail        |       |       |    76 |   202 |       |       |    59 |   370 |   387 ||  1094
         Ring mail         |       |       |       |    92 |   322 |   234 |   174 |       |       ||   822
  Dodge: Dodged            |    94 |    73 |   136 |   374 |   331 |   354 |   515 |   602 |   403 ||  2882
  Block: Buckler           |       |       |       |    26 |    73 |       |       |       |       ||    99
         Tower shield      |       |       |       |       |   529 |   479 |       |       |       ||  1008
         Kite shield       |       |       |       |       |       |   382 |   825 |   977 |   735 ||  2919
